 Dungeon Crawl Stone Soup version 0.24-a0-580-g6a6c3f83c1 (webtiles) character file.

Game seed: 9009701540248969166

3101 Gynju the Carver (level 9, 0/66 HPs)
             Began as a Barachi Fighter on Aug 22, 2019.
             Was a Follower of Cheibriados.
             Slain by a slime creature (6 damage)
             ... on level 8 of the Dungeon.
             The game lasted 00:21:55 (8685 turns).

Gynju the Carver (Barachi Fighter)                  Turns: 8685, Time: 00:21:56

Health: 0/66       AC: 16    Str: 23    XL:     9   Next: 90%
Magic:  0/10       EV:  9    Int: 11    God:    Cheibriados [*.....]
Gold:   256        SH: 10    Dex: 13    Spells: 8/8 levels left

rFire    . . .     SeeInvis .   a - +4 long sword
rCold    . . .     Gourm    .   c - +0 shield
rNeg     . . .     Faith    .   d - +0 scale mail
rPois    .         Spirit   +   l - +0 helmet
rElec    .         Reflect  .   G - +0 cloak {+Inv}
rCorr    .         Harm     .   o - +0 pair of gloves
MR       .....                  F - +0 pair of boots
Stlth    +.........             u - amulet of guardian spirit
HPRegen  0.21/turn              h - ring of stealth
MPRegen  0.12/turn              t - +4 ring of protection

@: can't hop, very slow
A: +LOS, swims, slowness 1, strong legs 1
a: Hop, Bend Time, Renounce Religion, Evoke Invisibility


You were on level 8 of the Dungeon.
You worshipped Cheibriados.
Cheibriados was aware of your devotion.
You were not hungry.

You visited 2 branches of the dungeon, and saw 9 of its levels.

You collected 503 gold pieces.
You spent 247 gold pieces at shops.

Inventory:

Hand Weapons
 a - a +4 long sword (weapon)
 b - a +0 hand crossbow
Missiles
 g - 24 bolts
 p - 16 poisoned darts (quivered)
Armour
 c - a +0 shield (worn)
 d - a +0 scale mail (worn)
 l - a +0 helmet (worn)
 o - a +0 pair of gloves (worn)
 F - a +0 pair of boots (worn)
 G - a +0 cloak of invisibility (worn)
Jewellery
 h - a ring of stealth (left hand)
 t - a +4 ring of protection (right hand)
 u - an amulet of guardian spirit (around neck)
 J - an uncursed ring of protection from magic {unknown}
Wands
 n - a wand of digging (9)
 v - a wand of acid (5)
 E - a wand of disintegration (32)
 I - a wand of paralysis (9)
 K - a wand of scattershot (9)
Scrolls
 e - 6 scrolls of remove curse
 i - 9 scrolls of identify
 j - 6 scrolls of teleportation
 k - 2 scrolls of blinking
 q - a scroll of fear
 r - 3 scrolls of enchant weapon
 w - a scroll of magic mapping
 y - a scroll of immolation
 A - a scroll of amnesia {unknown}
 B - a scroll of holy word {unknown}
 D - 2 scrolls of noise {unknown}
 M - a scroll of fog
 N - a scroll of summoning {unknown}
Potions
 m - 2 potions of curing
 s - a potion of resistance
 x - a potion of magic
 z - a potion of haste
 C - a potion of heal wounds {unknown}
 H - 2 potions of brilliance {unknown}
 L - a potion of invisibility {unknown}
Comestibles
 f - 14 rations


   Skills:
 + Level 4.5 Fighting
 - Level 14.0 Long Blades
 + Level 4.6 Armour
 + Level 2.2 Dodging
 * Level 5.0 Shields
 + Level 1.7 Invocations


You had 8 spell levels left.
You didn't know any spells.
Your spell library was empty.

Dungeon Overview and Level Annotations

Branches:
Dungeon (8/15)             Temple (1/1) D:7
   Lair: D:8-11

Altars:
Ashenzari
Cheibriados
Dithmenos
Elyvilon
Fedhas
Gozag
Hepliaklqana
Kikubaaqudgha
Makhleb
Nemelex Xobeh
Okawaru
Qazlal
Ru
Sif Muna
Trog
Uskayaw
Vehumet
Wu Jian
Xom
Yredelemnul
Zin
The Shining One

Shops:
D:6 [


Innate Abilities, Weirdness & Mutations

Shadows flee at your approach. (+LOS)
You can swim through water.
You cover ground slowly.
You can hop short distances.


Message History

Your shield and scale mail prevent you from hitting the large slime creature.
The large slime creature is heavily wounded.
Two slime creatures merge to form a very large slime creature.
Hop to where?
Press: ? - help, Dir - move target cursor Boing!
A very large slime creature splits.
A large slime creature splits.
The slime creature hits you.
* * * LOW HITPOINT WARNING * * *
The slime creature hits you!
* * * LOW HITPOINT WARNING * * *
The slime creature hits you but does no damage.
The slime creature closely misses you. You block the slime creature's attack.
The slime creature hits you.
* * * LOW HITPOINT WARNING * * *
You feel better. You block the slime creature's attack.
The slime creature hits you.
* * * LOW HITPOINT WARNING * * *
The slime creature hits you!
You die...

# #####.........# ..............#
..............#
..............#..#
...............#..#
#######...............#..#
......#######.........#..#
......# #......JJJ#####..#
......# #.......@.# #..# ......#
#.........## #..#
...[..###..........####..#
.........................#
.................#......#########
##...............'...........)..#
..............####......#######.#
.....................##.# #.#
..........###.####...##.# #.#


You could see 3 slime creatures.

Vanquished Creatures
  A water moccasin (D:6)
  Edmund (D:6)
  Duvessa (D:7)
  An ice beast (D:8)
  3 ogres
  A necrophage (D:6)
  4 centaurs
  A big kobold (D:7)
  Blork the orc (D:6)
  6 bullfrogs
  2 scorpions
  Dowan (D:7)
  5 wights
  2 howler monkeys
  3 bullfrog zombies
  A centaur zombie (D:7)
  A crimson imp (D:6)
  3 hounds
  2 orc priests
  4 jellies
  3 orc wizards
  A bullfrog skeleton (D:7)
  2 centaur skeletons
  Ijyb (D:3)
  An iguana (D:4)
  4 worker ants
  A hound zombie (D:7)
  2 worker ant zombies
  3 gnolls
  12 adders
  2 shadow imps
  An ooze (D:3)
  An adder zombie (D:7)
  6 worms
  3 dart slugs
  8 leopard geckos
  12 orcs
  6 bats
  4 giant cockroaches
  6 goblins
  8 hobgoblins
  A ball python (D:1)
  12 frilled lizards
  10 kobolds
  A leopard gecko skeleton (D:4)
  A leopard gecko zombie (D:6)
  2 quokka skeletons (D:6)
  5 rats
163 creatures vanquished.

Notes
Turn   | Place    | Note
-------+----------+-------------------------------------------
     0 | D:1      | Gynju the Barachi Fighter began the quest for the Orb.
     0 | D:1      | Reached XP level 1. HP: 18/18 MP: 1/1
   130 | D:1      | Reached skill level 3 in Long Blades
   133 | D:1      | Reached XP level 2. HP: 14/24 MP: 2/2
   462 | D:1      | Reached skill level 4 in Long Blades
   505 | D:1      | Reached XP level 3. HP: 29/29 MP: 3/3
  1310 | D:2      | Reached skill level 5 in Long Blades
  1310 | D:2      | Reached XP level 4. HP: 34/36 MP: 4/4
  1857 | D:3      | Found a sparkling altar of Nemelex Xobeh.
  2333 | D:3      | Reached skill level 6 in Long Blades
  2333 | D:3      | Reached XP level 5. HP: 18/41 MP: 5/5
  2886 | D:4      | Noticed Ijyb
  2936 | D:3      | Killed Ijyb
  3131 | D:4      | Reached skill level 7 in Long Blades
  3271 | D:4      | Noticed an ogre
  3278 | D:4      | Killed an ogre
  3278 | D:4      | Reached XP level 6. HP: 47/47 MP: 6/6
  3310 | D:3      | Reached skill level 8 in Long Blades
  3882 | D:5      | Entered Level 5 of the Dungeon
  4061 | D:5      | Reached XP level 7. HP: 25/52 MP: 4/7
  4233 | D:5      | Reached skill level 9 in Long Blades
  4814 | D:5      | Found a shimmering altar of Xom.
  4816 | D:5      | Found a white marble altar of Elyvilon.
  4994 | D:5      | Reached skill level 10 in Long Blades
  5642 | D:6      | Reached XP level 8. HP: 39/59 MP: 4/8
  5783 | D:6      | Reached skill level 11 in Long Blades
  6051 | D:6      | Noticed Edmund
  6092 | D:6      | Killed Edmund
  6092 | D:6      | Reached skill level 12 in Long Blades
  6187 | D:6      | Found a shadowy altar of Dithmenos.
  6246 | D:6      | Noticed Blork the orc
  6260 | D:6      | Killed Blork the orc
  6308 | D:6      | Found Eniosom's Antique Armour Emporium.
  6355 | D:6      | Reached skill level 13 in Long Blades
  6355 | D:6      | Reached XP level 9. HP: 57/63 MP: 6/9
  6366 | D:6      | Bought a glowing cloak for 247 gold pieces
  7120 | D:7      | Found a staircase to the Ecumenical Temple.
  7161 | Temple   | Entered the Ecumenical Temple
  7351 | Temple   | Became a worshipper of Cheibriados the Contemplative
  7434 | D:7      | Noticed Dowan
  7447 | D:7      | Killed Dowan
  7447 | D:7      | Reached skill level 14 in Long Blades
  7463 | D:7      | Noticed Duvessa
  7475 | D:7      | Killed Duvessa
  7692 | D:7      | Reached skill level 1 in Dodging
  7968 | D:7      | Reached skill level 1 in Invocations
  7979 | D:7      | Reached * piety under Cheibriados
  8165 | D:7      | Found a burning altar of Makhleb.
  8172 | D:7      | Found a shattered altar of Ashenzari.
  8177 | D:7      | Found an ancient bone altar of Kikubaaqudgha.
  8184 | D:7      | Found an opulent altar of Gozag.
  8189 | D:7      | Found a basalt altar of Yredelemnul.
  8196 | D:7      | Found an ornate altar of the Wu Jian Council.
  8201 | D:7      | Found a shimmering blue altar of Sif Muna.
  8503 | D:8      | Reached skill level 5 in Shields
  8684 | D:8      | HP: 3/65 [slime creature (4)]
  8685 | D:8      | Slain by a slime creature

Levels and vault maps discovered:
D:1:      psy_arrival_spokes, layout_basic, hangedman_glass_teeth, minivault_25
D:2:      layout_rooms
D:3:      layout_loops_cross, first_ration, st_stairs_7,
          nemelex_dance_club_becter
D:4:      layout_loops_ring, uniq_ijyb
D:5:      cheibrodos_quashed, layout_loops_ring, minitemple
D:6:      layout_basic, serial_shops, nicolae_shop_overgrown_old_shop,
          nicolae_dithmenos_through_a_glass_darkly, uniq_edmund,
          uniq_blork_the_orc
D:7:      layout_rooms, grunt_temple_overflow_octagram,
          minmay_temple_entry_gardened_gates, dk_rats_in_the_wall, uniq_duvessa
D:8:      layout_basic, ebering_ghost_inner_flame
Temple:   oiseaux_autumnal_temple

Skill      XL: |  1  2  3  4  5  6  7  8  9 |
---------------+----------------------------+-----
Long Blades    | 3 4 5 6 7 8 10 13 14 | 14.0
Armour         | 4 |  4.6
Dodging        | 2 |  2.2
Shields        | 5 |  5.0
Fighting       | 4 |  4.5
Invocations    | 1 |  1.7

Action                   |  1- 3 |  4- 6 |  7- 9 || total
-------------------------+-------+-------+-------++-------
Melee: Long sword        |   124 |   208 |   424 ||   756
 Fire: Hand crossbow     |       |       |     3 ||     3
Throw: Dart              |       |     1 |       ||     1
 Abil: Hop               |       |     2 |     2 ||     4
  Use: Potion            |       |     2 |     1 ||     3
       Scroll            |       |     9 |     4 ||    13
  Eat: Chunk             |     2 |    10 |    16 ||    28
Armor: Scale mail        |    57 |   109 |   168 ||   334
Dodge: Dodged            |    29 |    61 |    89 ||   179
Block: Shield            |    59 |    84 |   157 ||   300
       Rpst.: Long sword |     5 |    21 |    26 ||    52

Table legend:
 A = Non-vault XP
 B = Vault XP
 C = Vault XP percentage of total XP
 D = Non-vault monster count
 E = Vault monster count
 F = Vault count percentage of total count
                 A         B        C        D         E       F
            +---------+---------+-------+---------+---------+-------
      Total |    3915 |     515 |  11.6 |     155 |       8 |   4.9
            +---------+---------+-------+---------+---------+-------
        D:1 |      45 |       0 |   0.0 |      25 |       0 |   0.0
        D:2 |      69 |       0 |   0.0 |      18 |       0 |   0.0
        D:3 |      90 |      46 |  33.8 |      18 |       4 |  18.2
        D:4 |     321 |       0 |   0.0 |      17 |       0 |   0.0
        D:5 |     539 |       0 |   0.0 |      23 |       0 |   0.0
        D:6 |    1215 |     247 |  16.9 |      22 |       2 |   8.3
        D:7 |    1133 |     222 |  16.4 |      25 |       2 |   7.4
        D:8 |     503 |       0 |   0.0 |       7 |       0 |   0.0
            +---------+---------+-------+---------+---------+-------
